 Dungeon Crawl Stone Soup version 0.31.0-11-ge490571c62 (webtiles) character file.

Game seed: 943951020479529410

2739 gelatine the Chopper (level 9, 0/65 (66) HPs)
             Began as a Demonspawn Fighter on Jan 27, 2024.
             Was a Believer of Yredelemnul.
             Slain by Menkaure (6 damage)
             ... on level 7 of the Dungeon.
             The game lasted 00:15:18 (6992 turns).

gelatine the Chopper (Demonspawn Fighter)           Turns: 6992, Time: 00:15:18

HP:   0/65 (66)     AC: 11    Str: 20    XL:     9   Next: 40%
MP:   14/14         EV: 16    Int: 10    God:    Yredelemnul [**....]
Gold: 419           SH:  5    Dex: 12    Spells: 8/8 levels left

rFire   + . .        a - +0 war axe
rCold   . . .        c - +0 buckler
rNeg    + . .        t - +4 scale mail {Will+}
rPois   .            (helmet restricted)
rElec   .            (no cloak)
rCorr   .            (no gloves)
SInv    .            (no boots)
Will    +....        B - amulet of the acrobat Stlth
                     l - ring of positive energy
HPRegen 0.30/turn    D - ring of protection from fire
MPRegen 0.14/turn

%: acrobat
@: agile, studying Stealth, lightly drained
A: antennae 1, claws 2, ignite blood 1, powered by pain 1
a: Renounce Religion, Recall Undead Harvest, Dark Bargain


You were on level 7 of the Dungeon.
You worshipped Yredelemnul.
Yredelemnul was noncommittal.
You visited 2 branches of the dungeon, and saw 8 of its levels.

You collected 419 gold pieces.

Inventory:

Hand Weapons
 a - a +0 war axe (weapon)
Missiles
 f - 16 boomerangs (quivered)
 H - a throwing net
Armour
 b - a +0 scale mail
 c - a +0 buckler (worn)
 t - a +4 scale mail of willpower (worn)
Jewellery
 l - a ring of positive energy (left claw)
 B - an amulet of the acrobat (around neck)
 D - a ring of protection from fire (right claw)
Wands
 h - a wand of flame (63)
 z - a wand of charming (8)
 G - a wand of digging (2)
Scrolls
 e - 2 scrolls of enchant armour {unknown}
 k - 4 scrolls of teleportation {unknown}
 m - a scroll of silence {unknown}
 n - 2 scrolls of blinking {unknown}
 p - 4 scrolls of fear {unknown}
 q - 4 scrolls of identify {unknown}
 v - a scroll of revelation {unknown}
 w - a scroll of torment {unknown}
 x - a scroll of vulnerability {unknown}
 y - 2 scrolls of noise {unknown}
 E - a scroll of enchant weapon {unknown}
 J - a scroll of immolation {unknown}
Potions
 d - a potion of might
 g - a potion of attraction {unknown}
 i - 3 potions of mutation {unknown}
 j - a potion of haste {unknown}
 o - 3 potions of brilliance {unknown}
 r - a potion of ambrosia {unknown}
 s - a potion of curing {unknown}
 u - a potion of heal wounds {unknown}
 A - 2 potions of enlightenment {unknown}
 C - 2 potions of berserk rage {unknown}
 F - a potion of invisibility {unknown}
 I - a potion of resistance {unknown}


   Skills:
 + Level 4.7 Fighting
 + Level 7.2 Axes
 + Level 0.1 Throwing
 + Level 5.3 Armour
 * Level 4.3 Dodging
 + Level 2.0 Stealth
 + Level 4.0 Shields
 * Level 7.0 Invocations


You had 8 spell levels left.
You didn't know any spells.
Your spell library contained the following spells:

 Spells                   Type           Power      Damage    Failure   Level
 Shock                    Conj/Air       0%         1d3       77%         1
 Swiftness                Air            0%         N/A       98%         3
 Airstrike                Air            0%         2d(0-16)  100%        4
 Animate Armour           Summ/Erth      0%         N/A       100%        4
 Manifold Assault         Tloc           0%         N/A       100%        4
 Summon Lightning Spire   Summ/Air       0%         N/A       100%        4
 Lee's Rapid Deconstruct  Erth           0%         3d4*      100%        5
 Dispersal                Tloc           0%         N/A       100%        6
 Disjunction              Tloc           0%         N/A       100%        8


Dungeon Overview and Level Annotations

Branches:
Dungeon (7/15)             Temple (1/1) D:5

Altars:
Ashenzari
Cheibriados
Dithmenos
Fedhas
Gozag
Hepliaklqana
Kikubaaqudgha
Makhleb
Nemelex Xobeh
Okawaru
Qazlal
Ru
Sif Muna
Trog
Uskayaw
Vehumet
Wu Jian
Xom
Yredelemnul

Shops:
D:5 (

Annotations:
D:5 3 runed translucent doors, TheBioAlchemist's ghost, novice FoFi
D:7 Menkaure


Innate Abilities, Weirdness & Mutations

You have a pair of small antennae on your head.
You have very sharp fingernails.
Your demonic aura sometimes causes spilled blood to erupt in flames.
You sometimes gain a little power by taking damage.


Message History

You swap places.
You swap places.
You swap places.
You swap places.
You swap places.
You now have 419 gold pieces (gained 15).
There is a stone staircase leading up here.
Things that are here:
a +0 short sword; a +0 war axe
Things that are here:
a +0 dagger; a +0 ring mail You swap places.
You swap places.
J - a scroll labelled SONUOR HERPHERE Menkaure, Prince of Dust comes into view.
Menkaure shouts!
Menkaure casts a spell.
Menkaure seems to speed up.
Menkaure calls on the powers of darkness!
Your body is wracked with pain!
You can now trade souls for undead servants.
Menkaure blazes with dark energy!
Menkaure completely misses you. Menkaure hits you!
You barely miss Menkaure. Menkaure barely misses you.
You hit Menkaure.
Menkaure is lightly damaged.
Menkaure hits you!!
* * * LOW HITPOINT WARNING * * *
You focus on the pain.
You feel agile all of a sudden.
You hit Menkaure.
Menkaure is moderately damaged.
Menkaure hits you.
* * * LOW HITPOINT WARNING * * *
Menkaure misses you.
You slash Menkaure!
Menkaure is severely damaged.
Menkaure hits you.
You die...
Your body rises from the dead as a mindless zombie.

#Z# #Z#
#.........# #Z#
#.# #####..##.#
#Z###### #Z#
#..##.# #Z...^.#
#.# ##..##.#
######.#
#Z########.......
#...ZZZ.ZZ....)).
##########.####))
#.############.#
###
#..M@ZZZZZ.....#
################


You could see Menkaure (fast, ally target), a friendly water moccasin zombie, 2
friendly gnoll zombies, a friendly orc zombie and a friendly orc wizard zombie.

Vanquished Creatures
  A yak (D:5)
  A water moccasin (D:7)
  3 ice beasts
  An ogre (D:6)
  A phantom (D:7)
  A bullfrog (D:7)
  3 scorpions
  3 wights (D:7)
  A howler monkey (D:4)
  2 orc priests
  2 bombardier beetles
  9 hounds
  3 jellies
  3 gnoll boudas
  2 sleepcaps (D:6)
  4 iguanas
  4 orc wizards
  A hound zombie (D:6)
  Robin (D:2)
  4 adders
  13 gnolls
  A shadow imp (D:6)
  A ribbon worm zombie (D:5)
  A white imp (D:6)
  2 ufetubi (D:5)
  2 ribbon worms
  A dart slug (D:2)
  18 orcs
  6 endoplasms
  2 giant cockroaches (D:1)
  2 gnoll zombies
  20 goblins
  13 hobgoblins
  9 jackals
  2 quokkas
  6 ball pythons
  12 bats
  An endoplasm zombie (D:3)
  4 frilled lizards
  2 goblin zombies
  9 kobolds
  3 orc zombies (D:7)
  A quokka zombie (D:2)
  5 rats
186 creatures vanquished.

Vanquished Creatures (collateral kills)
  A steam dragon (D:7)
  2 scorpions
  A wight (D:7)
  A bombardier beetle (D:5)
  A sleepcap (D:5)
  4 gnolls
  2 adders (D:4)
  2 orcs
  An endoplasm (D:4)
  A hobgoblin (D:4)
  2 jackals
  2 goblins
  A rat (D:2)
21 creatures vanquished.

Vanquished Creatures (others)
  An arcanist (D:6)
  2 hound zombies
  An adder zombie (D:4)
  2 gnoll zombies (D:5)
  2 goblin zombies
  A hobgoblin zombie (D:4)
  A rat zombie (D:2)
10 creatures vanquished.

Grand Total: 217 creatures vanquished

Notes
Turn   | Place    | Note
-------+----------+-------------------------------------------
     0 | D:1      | gelatine the Demonspawn Fighter began the quest for the
                  | Orb.
     0 | D:1      | Reached XP level 1. HP: 18/18 MP: 1/1
   121 | D:1      | Gained mutation: Your demonic aura sometimes causes spilled
                  | blood to erupt in flames. [demonic ancestry]
   121 | D:1      | Reached XP level 2. HP: 20/24 MP: 2/2
   493 | D:1      | Found a faded altar of an unknown god.
   501 | D:1      | Reached XP level 3. HP: 24/29 MP: 3/3
  1035 | D:1      | Prayed at the altar of an unknown god.
  1035 | D:1      | Became a worshipper of Yredelemnul the Dark
  1035 | D:1      | Reached * piety under Yredelemnul
  1219 | D:2      | Noticed Robin
  1229 | D:2      | Killed Robin
  1230 | D:2      | Reached skill level 1 in Dodging
  1230 | D:2      | Discovered your monstrous ancestry.
  1230 | D:2      | Gained mutation: You have a pair of small antennae on your
                  | head. [demonic ancestry]
  1230 | D:2      | Reached XP level 4. HP: 35/35 MP: 4/4
  1347 | D:2      | Reached skill level 1 in Invocations
  1505 | D:2      | Reached ** piety under Yredelemnul
  1960 | D:2      | Reached *** piety under Yredelemnul
  2174 | D:3      | Reached XP level 5. HP: 20/41 MP: 4/6
  2973 | D:4      | Found an ancient bone altar of Kikubaaqudgha.
  2976 | D:4      | Found a blossoming altar of Fedhas.
  3006 | D:4      | Found a sacrificial altar of Ru.
  3106 | D:4      | Reached XP level 6. HP: 44/47 MP: 7/7
  3370 | D:4      | Found a broken altar of Ashenzari.
  3370 | D:4      | Found an opulent altar of Gozag.
  3478 | D:5      | Entered Level 5 of the Dungeon
  3496 | D:5      | Found a radiant altar of Vehumet.
  3523 | D:5      | Reached skill level 1 in Stealth
  3546 | D:5      | Noticed a yak
  3566 | D:5      | Killed a yak
  3567 | D:5      | Gained mutation: You have sharp fingernails. [demonic
                  | ancestry]
  3567 | D:5      | Reached XP level 7. HP: 15/53 MP: 9/9
  4212 | D:5      | Found a runed translucent gate.
  4212 | D:5      | Found a runed translucent gate.
  4212 | D:5      | Found a runed translucent gate.
  4268 | D:5      | Noticed TheBioAlchemist's ghost (novice FoFi)
  4321 | D:5      | Found Ryvvof's Antique Weapon Boutique.
  4545 | D:5      | Found a staircase to the Ecumenical Temple.
  4563 | D:5      | Reached skill level 5 in Axes
  4695 | Temple   | Entered the Ecumenical Temple
  4789 | D:6      | Gained mutation: You sometimes gain a little power by
                  | taking damage. [demonic ancestry]
  4789 | D:6      | Reached XP level 8. HP: 60/60 MP: 11/11
  5177 | D:6      | Reached skill level 5 in Invocations
  5793 | D:6      | Found a bloodstained altar of Trog.
  5794 | D:6      | Noticed a wizard
  5799 | D:6      | Killed a wizard
  6204 | D:7      | Reached skill level 5 in Armour
  6204 | D:7      | Gained mutation: You have very sharp fingernails. [demonic
                  | ancestry]
  6204 | D:7      | Reached XP level 9. HP: 43/66 MP: 13/13
  6984 | D:7      | Noticed Menkaure
  6992 | D:7      | Slain by Menkaure

Illustrated notes

Levels and vault maps discovered:
D:1:      minmay_arrival_shoal_huts, layout_loops_corners,
          shapermc_ecumenical_altar_starsandcircs, minmay_statues_item,
          minmay_stone_trees_small
D:2:      layout_loops_corners, kennysheep_generic_room_16, uniq_robin
D:3:      layout_loops_ring, kennysheep_minor_cross
D:4:      layout_basic, grunt_temple_overflow_growth_and_decay,
          nicolae_ru_sacrificial_ziggurat, gammafunk_temple_overflow_pools,
          guppyfry_early_lair_pool
D:5:      layout_gridville, nicolae_vehumet_altar_sigil,
          minmay_temple_entry_nine_rooms, gammafunk_ghost_icy, serial_shops,
          shop, hangedman_decor_peaks_small, serial_bayou_pond_a,
          minmay_manual_mail
D:6:      layout_loops_ring, trog_wizard
D:7:      layout_loops_ring, uniq_menkaure
Temple:   eino_wide_crystal_templ

Skill      XL: |  1  2  3  4  5  6  7  8  9 |
---------------+----------------------------+-----
Axes           | 2 3 4 5 6 7 |  7.2
Shields        | 3 4 |  4.0
Dodging        | 1 2 3 4 |  4.3
Armour         | 3 4 5 |  5.3
Invocations    | 1 2 3 4 6 7 |  7.0
Stealth        | 1 2 |  2.0
Fighting       | 4 |  4.7
Throwing       | |  0.1

Action                     |  1- 3 |  4- 6 |  7- 9 || total
---------------------------+-------+-------+-------++-------
  Melee: War axe           |    98 |   176 |   271 ||   545
  Throw: Boomerang         |       |     2 |       ||     2
 Invoke: Recall Undead Har |       |       |     3 ||     3
    Use: Potion            |       |     1 |       ||     1
   Stab: Distracted        |       |     1 |       ||     1
 Armour: Scale mail        |    69 |   130 |   221 ||   420
  Dodge: Dodged            |    55 |    79 |   158 ||   292
  Block: Buckler           |    31 |    36 |    67 ||   134
